 Dungeon Crawl Stone Soup version 0.27-a0-972-gd1521fd518 (webtiles) character file.

Game seed: 3659257240679665987

454 dolemite99 the Spear-Bearer (level 7, -6/52 HPs)
             Began as a Merfolk Fighter on Apr 14, 2021.
             Was a Believer of the Shining One.
             Mangled by an ogre
             ... wielding a +0 giant club
              (19 damage)
             ... on level 4 of the Dungeon.
             The game lasted 00:03:43 (3978 turns).

dolemite99 the Spear-Bearer (Merfolk Fighter)       Turns: 3978, Time: 00:03:44

Health: -6/52      AC:  7    Str: 18    XL:     7   Next: 5%
Magic:  7/7        EV: 10    Int:  8    God:    the Shining One [**....]
Gold:   77         SH:  0    Dex: 13    Spells: 6/6 levels left

rFire    . . .     SeeInvis .   b - +1 dagger (elec)
rCold    . . .     Faith    .   (no shield)
rNeg     + . .     Spirit   .   j - +0 scale mail
rPois    .         Reflect  .   (no helmet)
rElec    .         Harm     .   (no cloak)
rCorr    .         Rampage  .   (no gloves)
Will     .....                  w - +0 pair of boots
Stlth    ..........             (no amulet)
HPRegen  0.17/turn              (no ring)
MPRegen  0.10/turn              (no ring)

@: glowing
A: (nimble swimmer 2), mertail
a: Renounce Religion, Divine Shield


You were on level 4 of the Dungeon.
You worshipped the Shining One.
The Shining One was pleased with you.
You visited 1 branch of the dungeon, and saw 4 of its levels.

You collected 77 gold pieces.

Inventory:

Hand Weapons
 a - a +0 trident
 b - a +1 dagger of electrocution (weapon)
 d - a +2 dagger of venom
Missiles
 r - 2 throwing nets
 t - 3 atropa-tipped darts (quivered)
 v - 56 arrows
 x - 30 stones
Armour
 c - a +0 kite shield
 j - a +0 scale mail (worn)
 l - a +0 helmet
 w - a +0 pair of boots (worn)
Jewellery
 m - a ring of ice
 o - an amulet of reflection
Wands
 z - a wand of polymorph (5)
Scrolls
 f - a scroll of magic mapping {unknown}
 h - 3 scrolls of teleportation
 k - 2 scrolls of fog {unknown}
 p - a scroll of identify {@r1}
 s - a scroll of enchant armour {unknown}
 u - a scroll of enchant weapon {unknown}
 y - a scroll of noise {unknown}
Potions
 e - 2 potions of cancellation {unknown}
 g - a potion of lignification {unknown}
 i - 2 potions of ambrosia
 n - a potion of brilliance {unknown}
 q - 2 potions of curing {unknown}


   Skills:
 - Level 3.2 Fighting
 - Level 2.0 Short Blades
 + Level 10.0 Polearms
 - Level 2.1 Armour
 - Level 1.3 Dodging
 - Level 3.0 Shields


You had 6 spell levels left.
You didn't know any spells.
Your spell library contained the following spells:

 Spells                   Type           Power      Damage    Failure   Level
 Animate Skeleton         Necr           0%         N/A       80%         1
 Apportation              Tloc           0%         N/A       80%         1
 Corona                   Hex            0%         N/A       80%         1
 Summon Small Mammal      Summ           0%         N/A       80%         1


Dungeon Overview and Level Annotations

Branches:
Dungeon (4/15)
 Temple: D:4-7

Altars:
Gozag
The Shining One


Innate Abilities, Weirdness & Mutations

((You are quick and stealthy near water. (Stealth+, EV+, Speed+++)))
Your lower body shifts to a powerful aquatic tail in water.


Message History

Your Polearms skill gained 2 levels and is now at level 10!
You have reached level 7!
You start resting.
Your transformation is almost over.
You start resting.
You stop sporulating.
Your +1 dagger of electrocution unmelds from your body.
Your +0 pair of boots unmelds from your body.
Your +0 scale mail unmelds from your body.
You hear the crackle of electricity.
You start resting.
HP restored.
z - a wand of polymorph (5)
Things that are here:
a +0 scythe; a +0 robe
Things that are here:
a +0 scythe; a +0 robe An ogre is nearby!
The ogre shouts!
You throw an atropa-tipped dart. The atropa-tipped dart hits the ogre.
The ogre resists.
You throw an atropa-tipped dart. The atropa-tipped dart hits the ogre.
The ogre resists.
You throw an atropa-tipped dart. The atropa-tipped dart hits the ogre.
The ogre resists.
You throw an atropa-tipped dart. The atropa-tipped dart hits the ogre.
The ogre resists.
You hit the ogre.
The ogre is lightly wounded.
The ogre hits you with a +0 giant club!!
You hit the ogre.
The ogre is moderately wounded.
The ogre hits you with a +0 giant club!!
* * * LOW HITPOINT WARNING * * *
You hit the ogre. Lightning courses through the ogre!
The ogre is almost dead.
You barely miss the ogre.
The ogre is almost dead.
The ogre hits you with a +0 giant club!!
You die...

##### #.###.#
##.#.## ###
#.#)#.# ..##
##.#.## #..###
#.###.# ≈≈≈≈≈#
##.#.## ≈≈≈#≈..#
#.#.#.# . ##≈# #
#.....##........
≈≈≈#≈
##..@O((((......
≈≈≈≈≈#
##.............
##..##
#.#.....#....#
.#
#.>..........# #
#...#.#......#
#..........#.#
##..
#...#.#.....<#
....
.............###
....
....#...K.#....


You could see an ogre.

Vanquished Creatures
  Sigmund (D:4)
  A hound (D:4)
  A centaur skeleton (D:4)
  Jessica (D:2)
  Terence (D:3)
  Natasha (thrice) (D:3)
  3 gnolls (D:3)
  4 adders
  2 worms
  2 bats
  5 endoplasms
  2 giant cockroaches (D:2)
  2 goblins (D:3)
  5 hobgoblins
  2 quokkas
  5 ball pythons
  3 frilled lizards (D:2)
  7 kobolds
  6 rats
56 creatures vanquished.

Vanquished Creatures (others)
  4 fungi (D:4)
4 creatures vanquished.

Grand Total: 60 creatures vanquished

Notes
Turn   | Place    | Note
-------+----------+-------------------------------------------
     0 | D:1      | dolemite99 the Merfolk Fighter began the quest for the Orb.
     0 | D:1      | Reached XP level 1. HP: 18/18 MP: 1/1
   356 | D:1      | Reached skill level 1 in Dodging
   446 | D:1      | Found a faded altar of an unknown god.
   450 | D:1      | Became a worshipper of the Shining One
   450 | D:1      | Reached * piety under the Shining One
   547 | D:1      | Reached XP level 2. HP: 24/24 MP: 2/2
   880 | D:2      | Reached skill level 1 in Short Blades
  1120 | D:2      | Reached skill level 4 in Polearms
  1120 | D:2      | Reached XP level 3. HP: 22/29 MP: 3/3
  1521 | D:2      | Noticed Jessica
  1552 | D:2      | Killed Jessica
  1553 | D:2      | Reached skill level 5 in Polearms
  1553 | D:2      | Reached XP level 4. HP: 10/35 MP: 4/4
  2182 | D:2      | Found an opulent altar of Gozag.
  2565 | D:3      | Noticed Terence
  2569 | D:3      | Killed Terence
  2570 | D:3      | Reached skill level 6 in Polearms
  2739 | D:3      | Noticed Natasha
  2741 | D:3      | Killed Natasha
  2742 | D:3      | Reached XP level 5. HP: 36/41 MP: 5/5
  2755 | D:3      | Reached skill level 7 in Polearms
  2833 | D:3      | Noticed Natasha
  2840 | D:3      | Killed Natasha
  2840 | D:3      | Reached ** piety under the Shining One
  3107 | D:3      | Noticed Natasha
  3118 | D:3      | Killed Natasha
  3119 | D:3      | Reached skill level 8 in Polearms
  3450 | D:4      | Noticed an ogre
  3451 | D:4      | Noticed an ogre
  3492 | D:3      | Reached XP level 6. HP: 47/47 MP: 6/6
  3796 | D:4      | Noticed Sigmund
  3930 | D:4      | Killed Sigmund
  3931 | D:4      | Reached skill level 10 in Polearms
  3931 | D:4      | Reached XP level 7. HP: 47/52 MP: 7/7
  3978 | D:4      | Mangled by an ogre

Illustrated notes

Levels and vault maps discovered:
D:1:      eino_arrival_cavern_b, layout_basic, ebering_ecumenical_altar_webs
D:2:      layout_basic, basic_altar, minmay_circle_x, uniq_jessica
D:3:      layout_rooms, kennysheep_big_empty_room, uniq_natasha, uniq_terence
D:4:      layout_loops_ring, st_stairs_2, kennysheep_cross_bottleneck,
          roderic_roman_lattice, minmay_crystal_water, uniq_crazy_yiuf_cottage,
          uniq_sigmund

Skill      XL: |  1  2  3  4  5  6 |
---------------+-------------------+-----
Dodging        | 1 |  1.3
Short Blades   | 2 |  2.0
Polearms       | 4 5 6 8 10 | 10.0
Fighting       | |  3.2
Armour         | |  2.1
Shields        | |  3.0

Action                   |  1- 3 |  4- 6 |  7- 9 || total
-------------------------+-------+-------+-------++-------
Melee: Trident           |    25 |       |       ||    25
       Dagger            |    30 |    85 |     4 ||   119
       Unarmed           |       |     3 |       ||     3
       Tailslap          |       |     1 |       ||     1
Throw: Dart              |       |       |     4 ||     4
  Use: Potion            |     1 |       |       ||     1
       Scroll            |       |     3 |       ||     3
Armor: Scale mail        |    23 |    28 |       ||    51
Dodge: Dodged            |    12 |    35 |       ||    47

Table legend: (Time is in decaauts)
 A = Elapsed time spent in this place.
 B = Non-inter-level travel time spent in this place.
 C = Inter-level travel time spent in this place.
 D = Time resting spent in this place.
 E = Time spent auto-exploring this place.
 F = Levels seen in this place.
 G = Mean time per level.
                   A        B        C        D        E       F      G
               +--------+--------+--------+--------+--------+-----+--------+
         Total |   3960 |   3799 |    161 |   1412 |   1890 |   4 |  990.0 |
       Dungeon |   3960 |   3799 |    161 |   1412 |   1890 |   4 |  990.0 |
               +--------+--------+--------+--------+--------+-----+--------+

Top non-repeatable levels by time:
     D:2: 1691 daAuts
     D:3: 987 daAuts
     D:1: 866 daAuts
     D:4: 414 daAuts
